 Dungeon Crawl Stone Soup version 0.24.0-13-gcf9b319 (webtiles) character file.

Game seed: 14048181237786157622, levelgen mode: deterministic

296 Fang the Skirmisher (level 6, -2/39 HPs)
             Began as a Gargoyle Fighter on Dec 20, 2019.
             Killed by divine providence
             ... invoked by an orc priest
              (15 damage)
             ... on level 4 of the Dungeon.
             The game lasted 00:03:10 (1541 turns).

Fang the Skirmisher (Gargoyle Fighter)              Turns: 1541, Time: 00:03:11

Health: -2/39      AC: 11    Str: 21    XL:     6   Next: 34%
Magic:  6/6        EV:  7    Int: 11    God:
Gold:   105        SH:  9    Dex:  9    Spells: 5/5 levels left

rFire    + . .     SeeInvis .   a - +1 war axe
rCold    + . .     Gourm    .   B - +0 shield
rNeg     + . .     Faith    .   b - +0 scale mail
rPois    ∞         Spirit   .   (no helmet)
rElec    +         Reflect  .   j - scarf {rC+ rF+}
rCorr    .         Harm     .   (no gloves)
MR       .....                  (no boots)
Stlth    ..........             (no amulet)
HPRegen  0.13/turn              e - +2 ring of intelligence
MPRegen  0.10/turn              (no ring)

@: flying
A: negative energy resistance 1, electricity resistance, unbreathing,
petrification resistance, rot immunity, AC +4
a: no special abilities


You were on level 4 of the Dungeon.
You were not hungry.

You visited 1 branch of the dungeon, and saw 3 of its levels.

You collected 105 gold pieces.

Inventory:

Hand Weapons
 a - a +1 war axe (weapon)
Armour
 b - a +0 scale mail (worn)
 j - a scarf of resistance (worn)
 B - a +0 shield (worn)
Jewellery
 e - a +2 ring of intelligence (left hand)
 h - an uncursed ring of positive energy {unknown}
Comestibles
 c - a ration
 g - 5 chunks of flesh


   Skills:
 + Level 4.7 Fighting
 + Level 3.2 Axes
 + Level 4.7 Armour
 + Level 4.7 Shields


You had 5 spell levels left.
You didn't know any spells.
Your spell library was empty.

Dungeon Overview and Level Annotations

Branches:
Dungeon (2/15)

Altars:


Innate Abilities, Weirdness & Mutations

You are resistant to torment.
Your stone body is resilient. (AC +4)
You are immune to poison.
You resist negative energy. (rN+)
You are resistant to electric shocks. (rElec)
You can survive without breathing.
You are immune to petrification.
You are immune to rotting.


Message History

The orc wizard gestures wildly while chanting.
The orc wizard blinks!
It was a potion of magic.
Magic courses through your body. You block the orc priest's attack.
The orc priest calls down the wrath of Beogh upon you.
Pain shoots through your body!
You hit the orc priest.
The orc priest is heavily wounded.
You slash the orc priest!
The orc priest looks satisfied for a moment.
You block the orc priest's attack.
The orc priest looks braver for a moment.
The orc priest completely misses you.
You are too injured to fight recklessly!
You closely miss the orc priest.
The orc priest is heavily wounded.
You hit the orc priest but do no damage.
The orc priest calls down the wrath of Beogh upon you.
Beogh smites you!
You die...

############ ...<.#(....#
*********### ####.#.###.#
*,,,,,,<,..# .......# #.#
*,**#,,**#.# ####...###.# *,*
#.,* #.# #..........#
*,***..###.. #.##...##..#
#######.#*,,,..... .......##..#
#oooo.o..,,,,*#... #####..##..#
#@#****,*,,,,**#.. ...........#
#.# ###,*,...###.. ########...##
#.# #..,,......... #.#.#.# #.#
#.#**..######. * ##...## #.# #.#
*.#* ##) ## ##.## #.###.###.#
##.. .## ##.# #.........# ##...
).## ##..# #####.#.### ##....
...####...##########....####.....


You could see 3 orc priests and 2 orc wizards.

Vanquished Creatures
  An ogre (D:4)
  An orc wizard (D:4)
  4 worker ants (D:4)
  2 adders (D:4)
  3 oozes (D:1)
  7 orcs (D:4)
  A ball python (D:1)
  2 bats (D:1)
  3 giant cockroaches (D:1)
  8 goblins (D:1)
  3 hobgoblins (D:1)
  5 kobolds (D:1)
  5 frilled lizards (D:1)
  3 rats (D:1)
48 creatures vanquished.

Notes
Turn   | Place    | Note
-------+----------+-------------------------------------------
     0 | D:1      | Fang the Gargoyle Fighter began the quest for the Orb.
     0 | D:1      | Reached XP level 1. HP: 14/14 MP: 1/1
   192 | D:1      | Reached XP level 2. HP: 19/19 MP: 2/2
   333 | D:1      | Reached XP level 3. HP: 24/24 MP: 3/3
   892 | D:2      | You fall into a shaft and drop 2 floors!
   915 | D:4      | Reached XP level 4. HP: 16/29 MP: 4/4
  1003 | D:4      | Noticed an ogre
  1010 | D:4      | Killed an ogre
  1010 | D:4      | Reached XP level 5. HP: 15/34 MP: 5/5
  1253 | D:4      | Reached XP level 6. HP: 34/39 MP: 6/6
  1541 | D:4      | Killed from afar by an orc priest

Levels and vault maps discovered:
D:1:      minmay_arrival_glassed_features, layout_loops_corners
D:2:      layout_loops_ring, old_standard_altar, minitemple, dk_vineyard_1,
          chequers_serial_rivers_marsh
D:4:      layout_loops_corners

Skill      XL: |  1  2  3  4  5 |
---------------+----------------+-----
Axes           | 2 3 |  3.2
Fighting       | 4 |  4.7
Armour         | 4 |  4.7
Shields        | 4 |  4.7

Action                   |  1- 3 |  4- 6 || total
-------------------------+-------+-------++-------
Melee: War axe           |   126 |    69 ||   195
  Use: Potion            |       |     3 ||     3
       Scroll            |       |     4 ||     4
  Eat: Chunk             |       |     3 ||     3
Armor: Scale mail        |    72 |    42 ||   114
Dodge: Dodged            |    35 |    14 ||    49
Block: Shield            |    69 |    27 ||    96
